 Dungeon Crawl Stone Soup version 0.21-a0-351-g38363bb (webtiles) character file.

16450 Dfrag the Destroyer (level 12, -7/74 HPs)
             Began as a Demonspawn Fire Elementalist on Oct 9, 2017.
             Was a High Priest of Vehumet.
             Mangled by a redback (15 damage)
             ... on level 12 of the Dungeon.
             The game lasted 00:25:51 (9770 turns).

Dfrag the Destroyer (Demonspawn Fire Elementalist)  Turns: 9770, Time: 00:25:52

Health: -7/74      AC:  9    Str: 10    XL:     12   Next: 10%
Magic:  26/26      EV: 12    Int: 25    God:    Vehumet [*****.]
Gold:   483        SH:  0    Dex: 11    Spells: 8/32 levels left

rFire    + . .     SeeInvis +   M - +4 morningstar "Biasuk" {crush, *Corrode rElec MR+++ Dex-2}
rCold    x . .     Gourm    +   (no shield)
rNeg     . . .     Faith    .   a - +0 robe
rPois    .         Spirit   .   r - +2 hat {SInv}
rElec    +         Reflect  .   I - +0 cloak
rCorr    .         Harm     .   (no gloves)
MR       +++..                  q - +0 pair of boots
Stlth    ++........             e - amulet of the gourmand
HPRegen  0.22/turn              Y - ring of fire
MPRegen  0.20/turn              R - +4 ring of intelligence

@: lethally poisoned (-7 -> -129), about to teleport
A: hooves 1, slimy green scales 2, demonic guardian 2
a: Renounce Religion


You were on level 12 of the Dungeon.
You worshipped Vehumet.
Vehumet was extremely pleased with you.
You were completely stuffed.

You visited 2 branches of the dungeon, and saw 13 of its levels.
You also visited: Labyrinth.

You collected 699 gold pieces.
You spent 216 gold pieces at shops.

Inventory:

Hand Weapons
 M - the +4 morningstar "Biasuk" (weapon) {crush, *Corrode rElec MR+++ Dex-2}
   (You bought it in a shop on level 8 of the Dungeon)

   It inflicts extra damage upon your enemies.
   It affects your dexterity (-2).
   It insulates you from electricity.
   It affects your resistance to hostile enchantments.
   It may corrode you when you take damage.
 X - the +8 hunting sling of Indomitability {venom, rElec rC- rN+++ Stlth+, unknown}
   (You found it on level 10 of the Dungeon)

   It poisons the ammo it fires.
   It makes you vulnerable to cold.
   It insulates you from electricity.
   It renders you almost immune to negative energy.
   It makes you more stealthy.
Armour
 a - a +0 robe (worn)
 q - a +0 pair of boots (worn)
 r - a +2 hat of see invisible (worn)
 I - a +0 cloak (worn)
 U - a +2 helmet
Jewellery
 e - an amulet of the gourmand (around neck)
 t - an uncursed ring of magical power
 x - a cursed ring of fire
 R - a +4 ring of intelligence (right hand)
 W - an uncursed amulet of rage {unknown}
 Y - a ring of fire (left hand)
Wands
 g - a wand of paralysis (17/24)
 p - a wand of confusion (30/48)
 s - a wand of disintegration (4/24)
 F - a wand of disintegration (4/24)
 N - a wand of lightning (9/15)
 O - a wand of iceblast (3/15)
 T - a wand of acid (11/15)
 V - a wand of iceblast (12/15)
Scrolls
 d - 4 scrolls of recharging
 h - 2 scrolls of enchant weapon
 i - 5 scrolls of remove curse
 l - 9 scrolls of teleportation
 y - a scroll of blinking {unknown}
 z - 6 scrolls of enchant armour
 A - 5 scrolls of immolation
Potions
 j - 2 potions of ambrosia {unknown}
 k - 5 potions of curing
 m - 3 potions of degeneration {unknown}
 n - a potion of invisibility {unknown}
 o - a potion of magic {unknown}
 u - 5 potions of flight {unknown}
 w - a potion of brilliance {unknown}
 B - a potion of mutation {unknown}
 C - a potion of resistance {unknown}
 D - 2 potions of lignification {unknown}
 G - a potion of heal wounds
 P - 2 potions of haste
 Q - a potion of might {unknown}
Books
 b - a book of Flames

   Spells                             Type                      Level
   a - Flame Tongue                   Conjuration/Fire             1
   b - Throw Flame                    Conjuration/Fire             2
   c - Conjure Flame                  Conjuration/Fire             3
   d - Inner Flame                    Hexes/Fire                   3
   e - Sticky Flame                   Conjuration/Fire             4
   f - Fireball                       Conjuration/Fire             5
 S - a book of Power

   Spells                             Type                      Level
   a - Iskenderun's Battlesphere      Conjuration/Charms           5
   b - Venom Bolt                     Conjuration/Poison           5
   c - Bolt of Magma                  Conjuration/Fire/Earth       5
   d - Iron Shot                      Conjuration/Earth            6
   e - Orb of Destruction             Conjuration                  7
   f - Spellforged Servitor           Conjuration/Summoning        7
Miscellaneous
 H - a sack of spiders
 Z - a box of beasts
Comestibles
 c - 10 bread rations
 f - 9 meat rations
 E - 20 royal jellies


   Skills:
 - Level 1.7 Dodging
 - Level 1.7 Stealth
 + Level 10.7 Spellcasting
 + Level 11.4 Conjurations
 + Level 10.9 Fire Magic


You had 8 spell levels left.
You knew the following spells:

 Your Spells              Type           Power        Failure   Level  Hunger
a - Flame Tongue          Conj/Fire      #####        1%          1    None
b - Conjure Flame         Conj/Fire      #######.     1%          3    None
c - Sticky Flame          Conj/Fire      #######.     1%          4    None
d - Fireball              Conj/Fire      #######...   1%          5    ####...
e - Iskenderun's Mystic   Conj           ######..     1%          4    None
f - Orb of Destruction    Conj           ######....   10%         7    #######


Dungeon Overview and Level Annotations

Branches:
Dungeon (12/15)            Temple (1/1) D:4            Lair (0/6) D:8
    Orc (0/2) D:12

Altars:
Dithmenos
Elyvilon
Fedhas
Gozag
Kikubaaqudgha
Makhleb
Okawaru
Ru
Trog
Vehumet
Wu Jian
Xom
Yredelemnul
Zin
The Shining One

Shops:
D:7 *   D:8 (   D:12 [(


Innate Abilities, Weirdness & Mutations

You have large cloven feet.
You are mostly covered in slimy green scales. (AC +3)
A demonic guardian rushes to your aid.


Message History

Your soul eater closely misses the redback.
Unknown command.
Okay, then.
You feel much better. The redback bites you! x2
You are poisoned.
The redback poisons you! The redback closely misses you.
The redback completely misses you. The redback bites you!
* * * LOW HITPOINT WARNING * * *
The redback bites you.
* * * LOW HITPOINT WARNING * * *
You are more poisoned.
The redback poisons you! The redback bites you.
* * * LOW HITPOINT WARNING * * *
The redback bites you!
* * * LOW HITPOINT WARNING * * *
You are more poisoned.
The redback poisons you!
The shadow imp hits your soul eater but does no damage.
The redback bites you!
You die...

###.....).##
#........#
#.......#
#........#
#.......#
#....W...#
#.......#
#........#
#.......#
........#
###h#####
..53..# #O#


#sss# #.# #s@s# #.# #sss# #.# ###.# #.## #..# #.)## #.## ##..# ##.# ##.# #..#
#.## #.## #..# ##.# ##)# You could see a phantom, 8 redbacks, a shadow imp and a
friendly soul eater.

Vanquished Creatures
  3 two-headed ogres
  Psyche (D:12)
  A polar bear (D:9)
  2 trolls
  2 hippogriffs
  A wyvern (D:9)
  A shadow (D:12)
  A wraith (D:10)
  18 yaks
  A vampire (D:6)
  A hungry ghost (D:11)
  Duvessa (D:6)
  6 orc warriors
  3 ice beasts
  2 phantoms
  3 ogres
  A black bear (D:8)
  4 centaurs
  3 big kobolds
  5 bullfrogs
  Dowan (D:6)
  A gnoll sergeant (D:11)
  A wyvern skeleton (D:11)
  2 scorpions
  23 killer bees
  An electric eel (D:9)
  6 howler monkeys
  A bullfrog zombie (D:11)
  4 crimson imps
  2 bullfrog skeletons
  A centaur zombie (D:9)
  Crazy Yiuf (D:7)
  2 centaur skeletons
  8 orc priests
  5 hounds
  2 jellies
  Jessica (D:2)
  2 iguanas
  8 orc wizards
  7 worker ants
  A killer bee zombie (D:5)
  2 bullfrog simulacra (D:9)
  A worker ant zombie (D:7)
  A howler monkey zombie (D:7)
  6 gnolls
  11 adders
  A hound simulacrum (D:9)
  A shadow imp (D:7)
  9 white imps
  A worker ant simulacrum (D:9)
  A howler monkey simulacrum (D:9)
  3 oozes (D:1)
  An adder zombie (D:9)
  An adder skeleton (D:5)
  5 worms
  3 dart slugs
  An adder simulacrum (D:9)
  5 leopard geckos
  37 orcs
  5 giant cockroaches
  6 goblins
  5 hobgoblins (D:1)
  17 jackals
  9 quokkas
  2 ball pythons (D:1)
  10 bats
  8 frilled lizards
  A jackal skeleton (D:7)
  18 kobolds
  A leopard gecko zombie (D:5)
  13 rats
325 creatures vanquished.

Vanquished Creatures (collateral kills)
  Gastronok (D:10)
  A minotaur (Lab)
  Snorg (D:10)
  A two-headed ogre (D:12)
  An orc knight (D:12)
  An ugly thing (D:11)
  A queen bee (D:9)
  A hippogriff (D:3)
  8 yaks
  An ice beast (D:6)
  A phantom (D:8)
  4 killer bees (D:9)
  3 crimson imps
  An orc priest (D:6)
  A jelly (D:6)
  A hound (D:9)
  An iguana (D:6)
  2 orc wizards
  A worker ant (D:11)
  A hound zombie (D:10)
  An adder (D:8)
  A shadow imp (D:7)
  2 white imps (D:7)
  An adder zombie (D:6)
  2 adder skeletons
  A leopard gecko (D:5)
  5 orcs
  4 jackals
  A kobold (D:10)
51 creatures vanquished.

Grand Total: 376 creatures vanquished

Notes
Turn   | Place    | Note
-------+----------+-------------------------------------------
     0 | D:1      | Dfrag the Demonspawn Fire Elementalist began the quest for the Orb.
     0 | D:1      | Reached XP level 1. HP: 13/13 MP: 3/3
   115 | D:1      | Gained mutation: You have large cloven feet. [demonic ancestry]
   115 | D:1      | Reached XP level 2. HP: 6/19 MP: 0/5
   427 | D:1      | Gained mutation: A weak demonic guardian rushes to your aid. [demonic ancestry]
   427 | D:1      | Reached XP level 3. HP: 8/24 MP: 1/6
   477 | D:1      | Reached skill level 2 in Conjurations
   991 | D:2      | Found a blossoming altar of Fedhas.
  1075 | D:2      | Gained mutation: You are partially covered in slimy green scales. (AC +2) [demonic ancestry]
  1075 | D:2      | Reached XP level 4. HP: 30/30 MP: 5/8
  1178 | D:2      | Noticed Jessica
  1181 | D:2      | Killed Jessica
  1597 | D:3      | Gained mutation: A demonic guardian rushes to your aid. [demonic ancestry]
  1597 | D:3      | Reached XP level 5. HP: 19/35 MP: 2/9
  1615 | D:3      | Reached skill level 3 in Conjurations
  1684 | D:3      | Learned a level 3 spell: Conjure Flame
  1689 | D:3      | Learned a level 4 spell: Sticky Flame
  2029 | D:3      | Noticed a hippogriff
  2037 | D:3      | Killed a hippogriff
  2037 | D:3      | Reached XP level 6. HP: 35/41 MP: 11/11
  2415 | D:4      | Reached skill level 4 in Conjurations
  2812 | D:4      | Found a staircase to the Ecumenical Temple.
  2865 | Temple   | Entered the Ecumenical Temple
  2937 | Temple   | Became a worshipper of Vehumet
  3116 | D:5      | Entered Level 5 of the Dungeon
  3142 | D:5      | Reached XP level 7. HP: 46/46 MP: 13/13
  3339 | D:5      | Found a burning altar of Makhleb.
  3749 | D:6      | Found an ancient bone altar of Kikubaaqudgha.
  3749 | D:6      | Found a glowing silver altar of Zin.
  3752 | D:6      | Reached skill level 5 in Fire Magic
  3807 | D:6      | Reached * piety under Vehumet
  3807 | D:6      | Offered knowledge of Magic Dart by Vehumet.
  3807 | D:6      | Reached skill level 5 in Conjurations
  3837 | D:6      | Learned a level 5 spell: Fireball
  3858 | D:6      | Reached skill level 5 in Spellcasting
  3902 | D:6      | Reached XP level 8. HP: 28/52 MP: 7/15
  4106 | D:6      | Noticed Duvessa
  4108 | D:6      | Noticed Dowan
  4116 | D:6      | Killed Duvessa
  4118 | D:6      | Killed Dowan
  4147 | D:6      | Noticed a moth of wrath
  4150 | D:6      | Found a bloodstained altar of Trog.
  4337 | D:6      | Reached skill level 6 in Conjurations
  4635 | D:7      | Found a runed door.
  4710 | D:7      | Noticed Crazy Yiuf
  4713 | D:7      | Killed Crazy Yiuf
  4760 | D:7      | Found an iron altar of Okawaru.
  4951 | D:7      | Found Inykiluh's General Store.
  5084 | D:7      | Reached ** piety under Vehumet
  5084 | D:7      | Offered knowledge of Sandblast by Vehumet.
  5215 | D:7      | Gained mutation: You are mostly covered in slimy green scales. (AC +3) [demonic ancestry]
  5215 | D:7      | Reached XP level 9. HP: 51/57 MP: 18/18
  5613 | D:8      | Found Onanaity's Antique Weapon Boutique.
  5613 | D:8      | Found a staircase to the Lair.
  5619 | D:8      | Bought a pitted morningstar for 216 gold pieces
  5619 | D:8      | Identified the +4 morningstar "Biasuk" {crush, *Corrode rElec MR+++ Dex-2} (You bought it in a shop on level 8 of the Dungeon)
  5675 | D:8      | Noticed a two-headed ogre
  5682 | D:8      | Killed a two-headed ogre
  5682 | D:8      | Reached skill level 7 in Conjurations
  5830 | D:8      | Found a shimmering altar of Xom.
  5916 | D:8      | Offered knowledge of Dazzling Spray by Vehumet.
  6185 | D:9      | Reached skill level 8 in Conjurations
  6186 | D:9      | Reached *** piety under Vehumet
  6190 | D:9      | Reached XP level 10. HP: 47/63 MP: 6/21
  6190 | D:9      | Offered knowledge of Olgreb's Toxic Radiance by Vehumet.
  6444 | D:9      | Noticed a two-headed ogre
  6449 | D:9      | Killed a two-headed ogre
  6449 | D:9      | Reached skill level 9 in Conjurations
  6488 | D:9      | Reached **** piety under Vehumet
  6692 | D:9      | Offered knowledge of Fulminant Prism by Vehumet.
  7129 | D:10     | Entered Level 10 of the Dungeon
  7249 | D:10     | Got an ichor-stained hunting sling
  7373 | D:10     | Noticed Snorg
  7381 | D:10     | Killed Snorg
  7381 | D:10     | Reached skill level 10 in Conjurations
  7381 | D:10     | Reached XP level 11. HP: 44/68 MP: 11/24
  7439 | D:10     | Noticed Gastronok
  7454 | D:10     | Killed Gastronok
  7589 | D:10     | Found a shadowy altar of Dithmenos.
  7871 | D:11     | Noticed a purple ugly thing
  7874 | D:11     | Killed a purple ugly thing
  7900 | D:11     | Reached ***** piety under Vehumet
  7902 | D:11     | Offered knowledge of Iskenderun's Mystic Blast by Vehumet.
  8026 | D:11     | Reached skill level 10 in Fire Magic
  8060 | D:11     | Found a labyrinth entrance.
  8064 | D:11     | Reached skill level 10 in Spellcasting
  8076 | Lab      | Entered a labyrinth
  8321 | Lab      | Learned a level 4 spell: Iskenderun's Mystic Blast
  8643 | Lab      | Noticed a minotaur
  8647 | Lab      | Killed a minotaur
  8711 | D:11     | Noticed a two-headed ogre
  8728 | D:11     | Killed a two-headed ogre
  8728 | D:11     | Reached skill level 11 in Conjurations
  9152 | D:12     | Noticed an orc knight
  9165 | D:12     | Learned a level 7 spell: Orb of Destruction
  9193 | D:12     | Noticed a two-headed ogre
  9218 | D:12     | Killed an orc knight
  9227 | D:12     | Killed a two-headed ogre
  9227 | D:12     | Reached XP level 12. HP: 74/74 MP: 5/26
  9375 | D:12     | Noticed Psyche
  9376 | D:12     | Killed Psyche
  9460 | D:12     | Found Niemeny's Weapon Shoppe.
  9460 | D:12     | Found a staircase to the Orcish Mines.
  9630 | D:12     | Found Vadel's Armour Shoppe.
  9770 | D:12     | Mangled by a redback

Vault maps used:
D:1:      lightli_arrival_chessboard, minmay_misc_feat_tower, st_stairs_13,
          minmay_misc_feat_columns
D:2:      fedhas_altar_1, uniq_jessica
D:4:      minmay_temple_entry_nine_rooms
D:5:      first_bread, basic_altar, chequers_big_river
D:6:      chequers_temple_overflow_statue_of_worship, corexii_leaking_fountain,
          tgw_trog, uniq_duvessa
D:7:      serial_shops, kennysheep_mini, basic_altar, minmay_nine_imps,
          uniq_crazy_yiuf_cottage
D:8:      lemuel_crystal_altar, lair_entry_dummy, serial_shops, shop
D:9:      serial_ice, serial_ice_e, serial_ice_j, serial_ice_m, serial_ice_n,
          serial_ice_a, serial_ice_b, serial_ice_o, grunt_ogre_cave
D:10:     nicolae_dithmenos_through_a_glass_darkly, uniq_snorg, uniq_gastronok
D:11:     lab_entry_generic, portal_ice_cave_entry_pillars_2
D:12:     orc_david_3, spider_trap, uniq_psyche
Temple:   dpeg_five_rooms_temple
Lab:      labyrinth_watery, nicolae_lab_do_over, labyrinth_fake_exit,
          labyrinth_skeletal_remains, nicolae_lab_garden

Skill      XL: |  1  2  3  4  5  6  7  8  9 10 11 |
---------------+----------------------------------+-----
Fire Magic     | 3 4 5 6 8 9 10 | 10.9
Conjurations   | 2 3 4 5 6 8 10 11 | 11.4
Spellcasting   | 3 4 5 6 7 9 10 | 10.7
Dodging        | |  1.7
Stealth        | |  1.7

Action                   |  1- 3 |  4- 6 |  7- 9 | 10-12 || total
-------------------------+-------+-------+-------+-------++-------
Melee: Unarmed           |     6 |       |       |       ||     6
       Short sword       |    17 |       |       |       ||    17
       Kick              |     4 |       |       |       ||     4
       Club              |       |    23 |       |       ||    23
       Flail             |       |    15 |    74 |       ||    89
       Morningstar       |       |       |       |    73 ||    73
Throw: Stone             |     5 |       |       |       ||     5
 Cast: Flame Tongue      |    73 |   101 |    94 |    57 ||   325
       Sticky Flame      |       |       |    30 |    33 ||    63
       Fireball          |       |       |    14 |    74 ||    88
  Use: Scroll            |       |       |     8 |     8 ||    16
       Potion            |       |       |     1 |     2 ||     3
 Stab: Sleeping          |       |     1 |       |       ||     1
  Eat: Chunk             |    12 |     6 |    18 |    26 ||    62
Armor: Robe              |    11 |    47 |    55 |    60 ||   173
Dodge: Dodged            |    31 |    97 |   106 |   106 ||   340

Table legend:
 A = Spawn XP
 B = Non-spawn XP
 C = Spawn XP percentage of total XP
 D = Spawn monster count
 E = Non-spawn monster count
 F = Spawn count percentage of total count
 G = Total turns spent on level
                    A         B        C        D         E        F      G
               +---------+---------+-------+---------+---------+-------+---------
         Total |       0 |   23501 |   0.0 |       0 |     376 |   0.0 |  9770
               +---------+---------+-------+---------+---------+-------+---------
           D:1 |       0 |      72 |   0.0 |       0 |      35 |   0.0 |   801
           D:2 |       0 |      67 |   0.0 |       0 |      19 |   0.0 |   477
           D:3 |       0 |     325 |   0.0 |       0 |      34 |   0.0 |   841
           D:4 |       0 |     246 |   0.0 |       0 |      14 |   0.0 |   872
           D:5 |       0 |     165 |   0.0 |       0 |      18 |   0.0 |   630
           D:6 |       0 |    1182 |   0.0 |       0 |      34 |   0.0 |   817
           D:7 |       0 |     839 |   0.0 |       0 |      31 |   0.0 |  1050
           D:8 |       0 |    1422 |   0.0 |       0 |      16 |   0.0 |   554
           D:9 |       0 |    4830 |   0.0 |       0 |      60 |   0.0 |   962
          D:10 |       0 |    4432 |   0.0 |       0 |      35 |   0.0 |   742
          D:11 |       0 |    5364 |   0.0 |       0 |      47 |   0.0 |   563
          D:12 |       0 |    3607 |   0.0 |       0 |      32 |   0.0 |   730
           Lab |       0 |     950 |   0.0 |       0 |       1 |   0.0 |   606
               +---------+---------+-------+---------+---------+-------+---------
